 Dungeon Crawl Stone Soup version 0.28.0-53-g5a82cb258f (webtiles) character file.

Game seed: 16931626540215835382

15032 Sin92 the Cleaver (level 11, -11/87 HPs)
             Began as a Demonspawn Fighter on June 4, 2022.
             Was a High Priest of Okawaru.
             Mangled by a harpy simulacrum (13 damage)
             ... in a Gauntlet.
             The game lasted 00:29:26 (12675 turns).

Sin92 the Cleaver (Demonspawn Fighter)             Turns: 12675, Time: 00:29:27

Health: -11/87     AC: 29    Str: 21    XL:     11   Next: 96%
Magic:  11/11      EV:  8    Int: 10    God:    Okawaru [*****.]
Gold:   701        SH: 10    Dex: 12    Spells: 10/10 levels left

rFire   . . .      SeeInvis .   m - +1 broad axe (vamp)
rCold   . . .      Faith    .   c - +0 buckler
rNeg    + . .      Spirit   .   h - +7 plate armour
rPois   .          Reflect  .   (no helmet)
rElec   .          Harm     .   B - +2 cloak
rCorr   .          Rampage  .   (no gloves)
Will    .....      NoTele   +   (no boots)
Stlth   ..........              r - amulet of the acrobat
HPRegen 0.24/turn               l - ring of positive energy
MPRegen 0.12/turn               (no ring)

@: sanguine armoured, studying Slings
A: claws 2, powered by death 1, sanguine armour 1, condensation shield
a: Renounce Religion, Heroism, Finesse, Duel


You were in a Gauntlet.
You worshipped Okawaru.
Okawaru was extremely pleased with you.
You visited 2 branches of the dungeon, and saw 12 of its levels.
You also visited: Bailey and Gauntlet.

You collected 701 gold pieces.

Inventory:

Hand Weapons
 a - a +1 war axe of electrocution
 k - the +4 spear "Nahon" {vorpal, Fragile rCorr Str+3}
   (You found it on level 10 of the Dungeon)

   It inflicts extra damage upon your enemies.
   Str:       It affects your strength (+3).
   rCorr:     It protects you from acid and corrosion.
   Fragile:   It will be destroyed if unequipped.
 m - a +1 vampiric broad axe (weapon)
 t - a +0 broad axe of venom
Armour
 c - a +0 buckler (worn)
 h - a +7 plate armour (worn)
 B - a +2 cloak (worn)
Jewellery
 l - a ring of positive energy (left claw)
 r - an amulet of the acrobat (around neck)
Wands
 v - a wand of paralysis (11)
 z - a wand of digging (4)
Scrolls
 b - 2 scrolls of blinking
 e - a scroll of silence
 i - a scroll of amnesia
 o - a scroll of identify
 p - 5 scrolls of teleportation
 q - 3 scrolls of fog
 s - 3 scrolls of summoning
 y - 2 scrolls of fear
Potions
 d - a potion of might
 f - a potion of haste
 g - 5 potions of curing
 j - 3 potions of flight
 n - a potion of magic
 w - 2 potions of brilliance
 x - a potion of attraction
 A - a potion of invisibility


   Skills:
 + Level 8.6 Fighting
 * Level 10.7 Axes
 + Level 7.8 Armour
 + Level 7.3 Dodging
 + Level 7.8 Shields


You had 10 spell levels left.
You didn't know any spells.
Your spell library was empty.

Dungeon Overview and Level Annotations

Branches:
Dungeon (11/15)            Temple (1/1) D:6            Lair (0/6) D:8
 Bailey (visited)         Gauntlet (1/1)
    Orc: D:9-12

Altars:
Ashenzari
Elyvilon
Fedhas
Gozag
Kikubaaqudgha
Makhleb
Nemelex Xobeh
Okawaru
Trog
Uskayaw
Zin

Annotations:
Gauntlet 8 transporters, exclusions: lightning spire and oklob plant


Innate Abilities, Weirdness & Mutations

You have very sharp fingernails.
You regenerate a little health from kills.
When seriously injured, your blood forms armour. (AC +6)
A meltable shield of frost defends you. (SH +4)


Message History

t - a +0 broad axe of venom You block the harpy simulacrum's attack. x2
The harpy simulacrum closely misses you.
The harpy simulacrum claws you but does no damage. x2
The harpy simulacrum closely misses you.
The harpy simulacrum claws you but does no damage.
You block the harpy simulacrum's attack.
The harpy simulacrum claws you but does no damage. x2
The harpy simulacrum completely misses you.
The harpy simulacrum claws you. The harpy simulacrum freezes you!
There is a transporter here.
Unknown command.
You enter the transporter and appear at another place.
You block the harpy simulacrum's attack.
The harpy simulacrum claws you but does no damage.
The harpy simulacrum closely misses you.
You block the harpy simulacrum's attack.
The harpy simulacrum completely misses you.
You block the harpy simulacrum's attack.
The harpy simulacrum claws you but does no damage. x2
The harpy simulacrum claws you!
Your blood congeals into armour.
The harpy simulacrum freezes you!
The harpy simulacrum claws you but does no damage.
You slice the harpy simulacrum!!
The harpy simulacrum is almost destroyed.
You hit the harpy simulacrum.
The harpy simulacrum claws you but does no damage.
You block the harpy simulacrum's attack.
The harpy simulacrum claws you. The harpy simulacrum freezes you!
The harpy simulacrum barely misses you.
The harpy simulacrum claws you but does no damage. x2
The harpy simulacrum claws you.
* * * LOW HITPOINT WARNING * * *
The harpy simulacrum freezes you!
* * * LOW HITPOINT WARNING * * *
The harpy simulacrum closely misses you.
The harpy simulacrum claws you.
* * * LOW HITPOINT WARNING * * *
The harpy simulacrum freezes you!
You die...

#####..#?.##.##..##
#§8≈#..#[..#.#...#.
#...#..#©..#©^...#§
#.8.#..#...#.#...#.
#...#..#$.##.##..##
#.8.#..#.##^..##.#.
#...#..#Z..Z.....#.
#..Z#..###########.
.#.@.#≈.............
#....Z#§§...........§
#.#.©.#§§...........§
# #...#§§###########.
#...#..#D........#.
#.8.#..#..##.##..#.
#...#..#(#..#..#.#.
#.8.#..#.#..#©.#.#.
#...#..#©P#####..#.


You could see 2 harpy simulacra and a centaur warrior simulacrum.

Vanquished Creatures
  Snorg (D:11)
  2 vault guards (Bailey)
  A centaur warrior (D:9)
  4 two-headed ogres
  Pikel (D:8)
  2 cyclopes
  Joseph (D:9)
  A cane toad (Bailey)
  A gargoyle (D:11)
  A kobold demonologist (D:10)
  Prince Ribbit (D:7)
  A hornet (D:9)
  A spriggan (D:7)
  A shadow (D:7)
  A wraith (D:11)
  11 yaks
  4 steam dragons
  3 humans (Bailey)
  2 vampire mosquitoes (D:11)
  A water moccasin (D:8)
  2 orc warriors
  Duvessa (D:5)
  A sky beast (D:8)
  A hornet zombie (D:8)
  2 ogres
  An ice beast (D:7)
  2 phantoms
  A kobold brigand (D:7)
  Blork the orc (D:6)
  17 bullfrogs
  2 gnoll sergeants
  A scorpion (D:4)
  A water moccasin zombie (D:5)
  Dowan (D:5)
  A water moccasin skeleton (D:6)
  12 killer bees
  A howler monkey (D:11)
  2 centaur zombies
  3 jellies
  A bullfrog skeleton (D:5)
  10 orc priests
  2 hounds (D:5)
  A centaur skeleton (D:7)
  10 orc wizards
  Terence (D:3)
  2 iguanas (D:5)
  12 gnolls
  9 adders
  2 white imps (D:7)
  An adder skeleton (D:4)
  A worm (D:4)
  A dart slug (D:5)
  30 orcs
  8 endoplasms
  4 giant cockroaches
  13 goblins
  8 hobgoblins
  A jackal (D:2)
  3 quokkas
  4 ball pythons
  7 bats
  2 frilled lizards (D:1)
  8 kobolds
  8 rats
  A bush (D:10)
244 creatures vanquished.

Vanquished Creatures (others)
  4 fungi (Gauntlet)
  24 plants (Gauntlet)
28 creatures vanquished.

Grand Total: 272 creatures vanquished

Notes
Turn   | Place    | Note
-------+----------+-------------------------------------------
     0 | D:1      | Sin92 the Demonspawn Fighter began the quest for the Orb.
     0 | D:1      | Reached XP level 1. HP: 18/18 MP: 1/1
   194 | D:1      | Reached skill level 2 in Axes
   290 | D:1      | Gained mutation: You have sharp fingernails. [demonic
                  | ancestry]
   290 | D:1      | Reached XP level 2. HP: 24/24 MP: 2/2
   729 | D:2      | Gained mutation: A meltable shield of frost defends you.
                  | (SH +4) [demonic ancestry]
   729 | D:2      | Reached XP level 3. HP: 5/29 MP: 3/3
  1050 | D:2      | HP: 1/29 [adder (3)]
  1057 | D:2      | HP: 1/29 [rat (1)]
  1951 | D:3      | Reached skill level 1 in Dodging
  2195 | D:3      | Reached XP level 4. HP: 35/35 MP: 4/4
  2408 | D:3      | Reached skill level 3 in Axes
  2758 | D:3      | Noticed Terence
  2760 | D:3      | Killed Terence
  2761 | D:3      | Reached XP level 5. HP: 41/41 MP: 5/5
  3441 | D:4      | Reached XP level 6. HP: 23/48 MP: 6/6
  3754 | D:4      | Reached skill level 4 in Axes
  4325 | D:5      | Entered Level 5 of the Dungeon
  4340 | D:5      | Gained mutation: You have very sharp fingernails. [demonic
                  | ancestry]
  4340 | D:5      | Reached XP level 7. HP: 41/54 MP: 7/7
  4988 | D:5      | Noticed Dowan
  4990 | D:5      | Noticed Duvessa
  5000 | D:5      | Killed Dowan
  5002 | D:5      | Killed Duvessa
  5003 | D:5      | Reached skill level 5 in Axes
  5591 | D:5      | Noticed a steam dragon
  5607 | D:5      | Killed a steam dragon
  5608 | D:5      | Gained mutation: You regenerate a little health from kills.
                  | [demonic ancestry]
  5608 | D:5      | Reached XP level 8. HP: 46/61 MP: 8/8
  5778 | D:6      | Reached skill level 5 in Fighting
  6025 | D:6      | Found a staircase to the Ecumenical Temple.
  6115 | D:6      | Noticed Blork the orc
  6122 | D:6      | Killed Blork the orc
  6123 | D:6      | Reached skill level 6 in Axes
  6641 | Temple   | Entered the Ecumenical Temple
  6739 | Temple   | Became a worshipper of Warmaster Okawaru
  7000 | D:7      | Found an ancient bone altar of Kikubaaqudgha.
  7016 | D:7      | Reached skill level 5 in Armour
  7016 | D:7      | Reached skill level 5 in Shields
  7106 | D:7      | Gained mutation: When seriously injured, your blood forms
                  | armour. (AC +6) [demonic ancestry]
  7106 | D:7      | Reached XP level 9. HP: 68/68 MP: 9/9
  7483 | D:7      | Noticed Prince Ribbit
  7504 | D:7      | Killed Prince Ribbit
  7504 | D:7      | Reached * piety under Okawaru
  7686 | D:7      | Noticed a two-headed ogre
  7686 | D:7      | Noticed a two-headed ogre
  7699 | D:7      | Killed a two-headed ogre
  7700 | D:7      | Reached skill level 7 in Axes
  7707 | D:7      | Killed a two-headed ogre
  7707 | D:7      | Reached ** piety under Okawaru
  7708 | D:7      | Reached skill level 5 in Dodging
  7899 | D:7      | Found the +7 pair of quick blades "Gyre" and "Gimble"
                  | {protect}
  8217 | D:8      | Noticed Pikel
  8234 | D:8      | Killed Pikel
  8235 | D:8      | Reached skill level 8 in Axes
  8235 | D:8      | Reached XP level 10. HP: 50/77 MP: 10/10
  8403 | D:8      | Reached *** piety under Okawaru
  8644 | D:8      | Noticed a cyclops
  8656 | D:8      | Killed a cyclops
  8859 | D:8      | Found a staircase to the Lair.
  9180 | D:8      | Found a blossoming altar of Fedhas.
  9683 | D:9      | Noticed a centaur warrior
  9700 | D:9      | Killed a centaur warrior
  9733 | D:9      | Reached **** piety under Okawaru
  9734 | D:9      | Reached skill level 9 in Axes
 10019 | D:9      | Found a flagged portal.
 10032 | Bailey   | Entered a bailey
 10128 | Bailey   | Reached ***** piety under Okawaru
 10129 | Bailey   | Reached XP level 11. HP: 68/85 MP: 11/11
 10147 | Bailey   | Noticed a vault guard
 10159 | Bailey   | Killed a vault guard
 10268 | Bailey   | Noticed a vault guard
 10279 | Bailey   | Killed a vault guard
 10484 | D:9      | Noticed a two-headed ogre
 10489 | D:9      | Noticed Joseph
 10493 | D:9      | Killed a two-headed ogre
 10506 | D:9      | Killed Joseph
 10859 | D:10     | Entered Level 10 of the Dungeon
 10920 | D:10     | Reached skill level 10 in Axes
 11095 | D:10     | Noticed a two-headed ogre
 11096 | D:10     | Found a burning altar of Makhleb.
 11104 | D:10     | Killed a two-headed ogre
 11221 | D:10     | Received a gift from Okawaru
 11271 | D:10     | Identified the +4 spear "Nahon" {vorpal, Fragile rCorr
                  | Str+3}
 11832 | D:11     | Noticed Snorg
 11873 | D:11     | Killed Snorg
 11920 | D:11     | Found a gate leading to a gauntlet.
 11927 | Gauntlet | Entered a Gauntlet
 11927 | Gauntlet | Found a transporter.
 11927 | Gauntlet | Found a transporter.
 11927 | Gauntlet | Found a transporter.
 12186 | Gauntlet | Found a transporter.
 12189 | Gauntlet | Found a transporter.
 12200 | Gauntlet | Found a transporter.
 12220 | Gauntlet | Noticed an oklob plant
 12221 | Gauntlet | Found a transporter.
 12226 | Gauntlet | Found a transporter.
 12287 | Gauntlet | Found a transporter.
 12296 | Gauntlet | Noticed a tengu warrior
 12297 | Gauntlet | Found a transporter.
 12312 | Gauntlet | Found a transporter.
 12326 | Gauntlet | Found a transporter.
 12675 | Gauntlet | HP: 2/87 [harpy simulacrum (3)]
 12675 | Gauntlet | Mangled by a harpy simulacrum

Illustrated notes

Levels and vault maps discovered:
D:1:      minmay_arrival_wavy_path, layout_loops_ring
D:2:      minmay_wonky_spiral, layout_rooms
D:3:      layout_loops_corners, uniq_terence
D:4:      minmay_general_purpose_star, layout_loops_cross,
          chequers_serial_rivers_small_b
D:5:      layout_basic, hex_medium, uniq_duvessa
D:6:      layout_cave_pods, minmay_temple_entry_statues_pillars,
          uniq_blork_the_orc
D:7:      layout_cave_pods, nicolae_kikubaaqudgha_miasma_corner,
          hellmonk_guarded_unrand_gyre_and_gimble, uniq_prince_ribbit1
D:8:      layout_loops_ring, kennysheep_little_box, lair_entry_dummy, uniq_pikel
D:9:      layout_rooms, zin_statuary, enter_bailey_3, minmay_sticks_and_stones
D:10:     layout_basic, mainiacjoe_overflow_boulevard
D:11:     layout_roguey, gauntlet_entry_generic, uniq_snorg
Temple:   dpeg_five_rooms_temple
Gauntlet: gammafunk_gauntlet_shortcut [gammafunk_gauntlet_arena_hedges,
          gammafunk_gauntlet_arena_split_x, nicolae_gauntlet_arena_t_cross,
          gammafunk_gauntlet_arena_mazey, gammafunk_gauntlet_arena_arrow_garden,
          nicolae_gauntlet_arena_quarters, dreamdust_gauntlet_exit_labyrinth]

Skill      XL: |  1  2  3  4  5  6  7  8  9 10 11 |
---------------+----------------------------------+-----
Axes           | 2 3 4 5 6 8 9 10 | 10.7
Armour         | 3 4 5 6 7 |  7.8
Shields        | 3 4 5 6 7 |  7.8
Dodging        | 1 2 3 4 5 6 7 |  7.3
Fighting       | 4 5 6 7 8 |  8.6

Action                   |  1- 3 |  4- 6 |  7- 9 | 10-12 || total
-------------------------+-------+-------+-------+-------++-------
Melee: War axe           |    90 |   127 |   231 |   305 ||   753
       Broad axe         |       |       |       |    95 ||    95
Invok: Heroism           |       |       |       |     3 ||     3
       Finesse           |       |       |       |     1 ||     1
  Use: Scroll            |     4 |     1 |     9 |     9 ||    23
       Potion            |       |       |     7 |       ||     7
Armor: Scale mail        |    39 |     9 |       |       ||    48
       Plate armour      |       |    58 |   153 |   275 ||   486
Dodge: Dodged            |    38 |    42 |    80 |   186 ||   346
Block: Buckler           |    34 |    50 |   107 |   218 ||   409
